 Dungeon Crawl Stone Soup version 0.20.1-1-g8b1a95d (webtiles) character file.

189 fili the Firebug (level 5, 0/41 HPs)
             Began as a Draconian Fire Elementalist on Nov 11, 2017.
             Slain by a hound (5 damage)
             ... on level 3 of the Dungeon.
             The game lasted 00:31:16 (3278 turns).

fili the Firebug (Draconian Fire Elementalist)      Turns: 3278, Time: 00:31:17

Health: 0/41       AC:  6    Str: 10    XL:     5   Next: 40%
Magic:  2/8        EV: 12    Int: 17    God:
Gold:   196        SH:  0    Dex: 11    Spells: 3/9 levels left

rFire    . . .     SeeInvis .   a - +2 dagger (speed)
rCold    . . .     Gourm    .   (no shield)
rNeg     . . .     Faith    .   (armour unavailable)
rPois    .         Spirit   .   (helmet restricted)
rElec    .         Reflect  .   (no cloak)
rCorr    .         Harm     .   (no gloves)
MR       .....                  t - +0 pair of boots
Stlth    ++........             (no amulet)
Regen    0.2/turn               (no ring)
MPRegen  0.2/turn               (no ring)

@: very slightly contaminated
A: unfitting armour, cold-blooded, AC +5
a: no special abilities


You were on level 3 of the Dungeon.
You were hungry.

You visited 1 branch of the dungeon, and saw 4 of its levels.

You collected 196 gold pieces.

Inventory:

Hand Weapons
 a - a +2 dagger of speed (weapon)
 b - a +0 hunting sling
 d - a +2 dagger of venom
 y - a +3 dagger
Missiles
 c - 103 stones (quivered)
Armour
 t - a +0 pair of boots (worn)
Jewellery
 i - an uncursed amulet of harm {unknown}
 p - an uncursed ring of wizardry {unknown}
 s - a +3 ring of slaying {unknown}
 w - an uncursed ring of wizardry {unknown}
 C - an uncursed amulet of harm {unknown}
Scrolls
 g - a scroll of enchant weapon {unknown}
 h - a scroll of fear {unknown}
 j - a scroll of remove curse {unknown}
 k - a scroll of identify {unknown}
 n - a scroll of magic mapping {unknown}
 r - a scroll of immolation {unknown}
 u - a scroll of amnesia {unknown}
Potions
 l - a potion of berserk rage {unknown}
 q - 3 potions of haste {unknown}
 v - 2 potions of flight {unknown}
 x - a potion of curing {unknown}
 A - a potion of resistance {unknown}
 B - a potion of mutation {unknown}
 D - a potion of heal wounds
Books
 e - a book of Flames

   Spells                             Type                      Level
   a - Flame Tongue                   Conjuration/Fire             1
   b - Throw Flame                    Conjuration/Fire             2
   c - Conjure Flame                  Conjuration/Fire             3
   d - Inner Flame                    Hexes/Fire                   3
   e - Sticky Flame                   Conjuration/Fire             4
   f - Fireball                       Conjuration/Fire             5
Comestibles
 f - a bread ration
 m - 2 royal jellies
 o - 2 meat rations
 z - 7 chunks of flesh


   Skills:
 + Level 2.2 Fighting
 - Level 1.7 Dodging
 - Level 1.7 Stealth
 + Level 2.5 Spellcasting
 * Level 3.0 Conjurations
 * Level 4.4 Fire Magic


You had 3 spell levels left.
You knew the following spells:

 Your Spells              Type           Power        Failure   Level  Hunger
a - Flame Tongue          Conj/Fire      ##...        4%          1    #......
b - Throw Flame           Conj/Fire      ##....       6%          2    ##.....
c - Conjure Flame         Conj/Fire      ##......     12%         3    ###....


Dungeon Overview and Level Annotations

Branches:
Dungeon (4/15)
 Temple: D:4-7

Altars:
Nemelex Xobeh
Sif Muna
Trog

Portals:
Sewer: D:4

Annotations:
D:2 exclusion: downstairs
D:3 exclusions: downstairs and wizard, seb29deBrest's ghost, amateur MfSk


Innate Abilities, Weirdness & Mutations

Your plain brown scales are hard. (AC +5)
You cannot fit into any form of body armour.
You are cold-blooded and may be slowed by cold attacks.


Message History

Press: ? - help, Shift-Dir - straight line, f/p - hound
Aim: a hound The flame tongue hits the hound.
The hound is severely wounded.
The hound barely misses you. x2
Casting: Flame Tongue
Confirm with . or Enter, or press ? or * to list all spells.
Aiming: Flame Tongue
Press: ? - help, Shift-Dir - straight line, f/p - hound
Aim: a hound (severely wounded)
The flame tongue hits the hound.
The hound is almost dead.
The hound bites you but does no damage.
Casting: Flame Tongue
Confirm with . or Enter, or press ? or * to list all spells.
Aiming: Flame Tongue
Press: ? - help, Shift-Dir - straight line, f/p - hound
Aim: a hound (almost dead)
The flame tongue misses the hound.
The hound bites you.
You die...

#.###..#).###.#..#####.#.#.#
#.# ##....# .#..# #..... #.#
##.#.# ...# ##.### #รท#
#.#... #.# #.# #.####..
#######.# #.# #.# .#
........# #.# ##.## #
######..# #.####...####.#
#..# #.........h@..# #..#
######...###### #..# ##>##
### #.># #.########.## #..#
#...........#####..#
##########.........#
########.#### #..... ######


You could see a hound.

Vanquished Creatures
  Ijyb (D:4)
  6 adders
  3 worms
  4 dart slugs (D:1)
  A leopard gecko (D:1)
  7 giant cockroaches
  11 goblins
  11 hobgoblins
  15 jackals
  8 kobolds
  A ball python (D:2)
  5 bats
  8 frilled lizards
  6 rats
87 creatures vanquished.

Notes
Turn   | Place    | Note
-------+----------+-------------------------------------------
     0 | D:1      | fili the Draconian Fire Elementalist began the quest for the Orb.
     0 | D:1      | Reached XP level 1. HP: 14/14 MP: 3/3
   330 | D:1      | Reached XP level 2. HP: 16/20 MP: 0/5
   733 | D:1      | Reached XP level 3. HP: 11/27 MP: 1/6
  1028 | D:1      | Reached skill level 1 in Fighting
  1331 | D:2      | Learned a level 2 spell: Throw Flame
  1353 | D:2      | Reached XP level 4. HP: 29/35 MP: 3/7
  1509 | D:2      | Reached skill level 4 in Fire Magic
  1868 | D:2      | Found a sparkling altar of Nemelex Xobeh.
  1868 | D:2      | Found a deep blue altar of Sif Muna.
  2062 | D:3      | Learned a level 3 spell: Conjure Flame
  2072 | D:3      | Noticed seb29deBrest's ghost (amateur MfSk)
  2337 | D:3      | Found a bloodstained altar of Trog.
  2338 | D:3      | Noticed a wizard
  2800 | D:3      | Reached XP level 5. HP: 41/41 MP: 2/8
  2905 | D:4      | Found a glowing drain.
  2908 | D:4      | Noticed Ijyb
  3257 | D:4      | Killed Ijyb
  3278 | D:3      | Slain by a hound

Skill      XL: |  1  2  3  4  5 |
---------------+----------------+-----
Conjurations   | 2 3 |  3.0
Fighting       | 1 2 |  2.2
Fire Magic     | 4 |  4.4
Dodging        | |  1.7
Stealth        | |  1.7
Spellcasting   | |  2.5

Action                   |  1- 3 |  4- 6 || total
-------------------------+-------+-------++-------
Melee: Dagger            |    33 |    95 ||   128
       Tailslap          |     4 |     5 ||     9
 Fire: Hunting sling     |    41 |    83 ||   124
Throw: Stone             |     9 |       ||     9
 Cast: Flame Tongue      |    51 |    83 ||   134
       Conjure Flame     |       |     4 ||     4
 Stab: Sleeping          |     1 |       ||     1
  Eat: Chunk             |     2 |     7 ||     9
Armor: Skin              |    26 |    90 ||   116
Dodge: Dodged            |    52 |    86 ||   138
